General information
			
			
        
        - name: BNet
 
        - type: Ladder team game (AT/RT)
 
        - host: Battle.net
 
        - saver: tower-craft
 
        
map: SunrockCove 
        - players: 6
 
        - length: 135:23
 
        - speed: Fast
 - version: 1.22 W3XP
 - replay type:  Public
 
» download(542 KB)
Players
        team 1 (loser) 
              
              
sonoflich (
green | 59 APM | 7893 actions | 134:22)
              
 3 Archmage 
 2 Summon Water Elemental
 1 Brilliance Aura
 3 Paladin 
 1 Holy Light
 1 Devotion Aura
 1 Divine Shield
 2 Mountain King 
 1 Storm Bolt
 1 Bash
 
                » actions 
                
                | Assign group hotkey | 130 |  | 
| Basic commands | 169 |  | 
| Build / train | 283 |  | 
| ESC pressed | 9 |  | 
| Enter build submenu | 94 |  | 
| Enter hero's abilities submenu | 8 |  | 
| Give item / drop item | 40 |  | 
| Right click | 3020 |  | 
| Select / deselect | 1890 |  | 
| Select group hotkey | 1655 |  | 
| Use ability | 595 |  | 
                7893 total
 » units 
                
                | Peasant | 34 |  | 
| Footman | 6 |  | 
| Flying Machine | 12 |  | 
| Goblin Shredder | 2 |  | 
| Mortar Team | 14 |  | 
| Priest | 7 |  | 
| Sorceress | 3 |  | 
| Knight | 2 |  | 
| Spell Breaker | 2 |  | 
| Siege Engine | 22 |  | 
| Goblin Zeppelin | 13 |  | 
                117 total
 » upgrades
                
                | Masonry | 4 |  | 
| Lumber Harvesting | 2 |  | 
| Flak Cannons | 1 |  | 
| Flying Machine Bombs | 1 |  | 
| Fragmentation Shards | 1 |  | 
| Flare | 1 |  | 
| Priest Training | 2 |  | 
| Gunpowder | 3 |  | 
| Armor | 3 |  | 
| Plating | 3 |  | 
| Sorceress Training | 2 |  | 
| Animal War Training | 1 |  | 
| Swords | 3 |  | 
| Magic Sentry | 1 |  | 
| Storm Hammers | 1 |  | 
| Cloud | 1 |  | 
| Barrage | 2 |  | 
                32 total
 » buildings
                
                | Altar of Kings | 2 |  | 
| Farm | 21 |  | 
| Barracks | 1 |  | 
| Town Hall | 5 |  | 
| Arcane Vault | 14 |  | 
| Keep | 3 |  | 
| Lumber Mill | 4 |  | 
| Scout Tower | 28 |  | 
| Arcane Tower | 9 |  | 
| Blacksmith | 1 |  | 
| Guard Tower | 44 |  | 
| Castle | 2 |  | 
| Workshop | 6 |  | 
| Arcane Sanctum | 3 |  | 
| Gryphon Aviary | 3 |  | 
                146 total
 » build order
                00:09 Altar of Kings
00:13 Altar of Kings
00:19 Farm
00:41 Barracks
01:02 Farm
01:48 Farm
02:32 Farm
03:52 Town Hall
04:06 Farm
04:34 Arcane Vault
05:10 Keep
05:42 Lumber Mill
05:56 Scout Tower
06:19 Scout Tower
06:31 Arcane Tower
06:36 Blacksmith
06:58 Guard Tower
07:42 Castle
07:55 Workshop
07:58 Workshop
08:41 Workshop
08:43 Workshop
08:55 Workshop
09:46 Farm
09:50 Farm
10:03 Farm
10:37 Guard Tower
10:38 Arcane Tower
11:31 Arcane Sanctum
11:33 Arcane Sanctum
12:57 Farm
13:04 Town Hall
13:56 Farm
14:52 Farm
14:54 Arcane Sanctum
15:36 Farm
15:37 Farm
16:54 Arcane Vault
18:43 Gryphon Aviary
18:44 Gryphon Aviary
18:46 Gryphon Aviary
19:46 Scout Tower
19:48 Scout Tower
20:14 Guard Tower
20:16 Scout Tower
20:19 Guard Tower
20:23 Scout Tower
21:36 Guard Tower
22:13 Arcane Vault
22:43 Arcane Vault
22:44 Arcane Vault
23:23 Guard Tower
23:33 Town Hall
23:35 Guard Tower
23:47 Guard Tower
23:52 Arcane Vault
23:59 Farm
25:22 Guard Tower
25:34 Guard Tower
25:35 Guard Tower
26:09 Scout Tower
26:11 Scout Tower
26:11 Scout Tower
28:35 Guard Tower
28:37 Guard Tower
28:47 Town Hall
29:42 Arcane Vault
30:44 Arcane Vault
31:03 Arcane Vault
31:05 Guard Tower
31:06 Guard Tower
31:16 Scout Tower
31:18 Scout Tower
31:30 Arcane Vault
31:48 Guard Tower
31:51 Guard Tower
32:47 Keep
32:52 Guard Tower
32:58 Guard Tower
33:18 Guard Tower
33:53 Guard Tower
33:59 Guard Tower
34:35 Farm
35:16 Town Hall
35:18 Guard Tower
35:19 Guard Tower
36:06 Arcane Vault
36:09 Arcane Vault
36:13 Castle
36:14 Guard Tower
37:08 Arcane Vault
38:19 Guard Tower
38:24 Guard Tower
38:49 Guard Tower
39:01 Guard Tower
39:02 Guard Tower
41:42 Arcane Tower
44:43 Arcane Tower
46:16 Guard Tower
46:18 Guard Tower
46:27 Arcane Tower
47:36 Keep
49:03 Lumber Mill
50:36 Farm
50:45 Farm
52:35 Farm
52:56 Farm
54:50 Scout Tower
54:51 Scout Tower
54:52 Scout Tower
55:35 Guard Tower
56:10 Scout Tower
57:48 Arcane Tower
57:53 Scout Tower
59:18 Arcane Tower
61:30 Arcane Tower
61:32 Arcane Tower
64:22 Arcane Vault
66:48 Lumber Mill
66:57 Lumber Mill
74:20 Farm
74:24 Farm
79:39 Workshop
97:07 Scout Tower
97:09 Scout Tower
97:13 Scout Tower
97:54 Guard Tower
97:55 Guard Tower
97:58 Scout Tower
98:00 Scout Tower
98:03 Scout Tower
98:45 Guard Tower
98:55 Scout Tower
99:13 Guard Tower
99:14 Guard Tower
99:16 Guard Tower
99:52 Scout Tower
99:55 Scout Tower
100:03 Scout Tower
100:11 Scout Tower
100:13 Guard Tower
100:40 Guard Tower
100:41 Guard Tower
102:30 Guard Tower
102:33 Guard Tower
102:45 Scout Tower
» items
                
                | Ivory Tower | 39 |  | 
| Staff of Sanctuary | 3 |  | 
| Orb of Fire | 4 |  | 
| Scroll of Town Portal | 3 |  | 
| Scroll of Regeneration | 3 |  | 
| Potion of Mana | 2 |  | 
| Potion of Healing | 2 |  | 
| Staff of Teleportation | 3 |  | 
| Boots of Speed | 3 |  | 
| Potion of Lesser Invulnerability | 3 |  | 
                65 total
  
               
              
              
» 
anlord (
blue | 34 APM | 4628 actions | 135:19)
              
 4 Paladin 
 2 Holy Light
 2 Divine Shield
 2 Mountain King 
 1 Storm Bolt
 1 Bash
 1 Blood Mage 
 1 Banish
 
                » actions 
                
                | Assign group hotkey | 86 |  | 
| Basic commands | 62 |  | 
| Build / train | 127 |  | 
| ESC pressed | 2 |  | 
| Enter build submenu | 50 |  | 
| Enter hero's abilities submenu | 7 |  | 
| Give item / drop item | 1 |  | 
| Remove unit from queue | 13 |  | 
| Right click | 1742 |  | 
| Select / deselect | 1255 |  | 
| Select group hotkey | 1042 |  | 
| Use ability | 241 |  | 
                4628 total
 » units 
                
                | Peasant | 13 |  | 
| Footman | 3 |  | 
| Rifleman | 5 |  | 
| Mortar Team | 4 |  | 
| Siege Engine | 5 |  | 
| Goblin Zeppelin | 8 |  | 
| Dragonhawk Rider | 1 |  | 
| Flying Machine | 17 |  | 
                56 total
 » upgrades
                
                | Gunpowder | 3 |  | 
| Armor | 3 |  | 
| Lumber Harvesting | 2 |  | 
| Long Rifles | 1 |  | 
| Fragmentation Shards | 1 |  | 
| Barrage | 2 |  | 
| Flare | 1 |  | 
| Magic Sentry | 1 |  | 
| Cloud | 1 |  | 
| Masonry | 3 |  | 
| Flak Cannons | 1 |  | 
| Flying Machine Bombs | 1 |  | 
                20 total
 » buildings
                
                | Barracks | 3 |  | 
| Altar of Kings | 1 |  | 
| Farm | 13 |  | 
| Lumber Mill | 2 |  | 
| Blacksmith | 1 |  | 
| Arcane Vault | 2 |  | 
| Keep | 1 |  | 
| Workshop | 2 |  | 
| Castle | 1 |  | 
| Scout Tower | 18 |  | 
| Town Hall | 2 |  | 
| Guard Tower | 10 |  | 
| Arcane Tower | 1 |  | 
| Arcane Sanctum | 1 |  | 
| Gryphon Aviary | 1 |  | 
                59 total
 » build order
                00:07 Barracks
00:14 Altar of Kings
00:15 Farm
01:10 Lumber Mill
02:27 Farm
02:31 Farm
03:11 Blacksmith
03:14 Barracks
05:35 Farm
06:11 Arcane Vault
06:19 Keep
07:22 Farm
09:42 Workshop
09:46 Workshop
10:37 Castle
11:05 Farm
11:07 Farm
11:54 Farm
12:16 Lumber Mill
12:32 Farm
17:56 Farm
17:56 Farm
20:32 Farm
20:32 Farm
21:04 Scout Tower
21:22 Town Hall
21:33 Guard Tower
24:49 Scout Tower
28:15 Arcane Tower
29:15 Scout Tower
29:22 Arcane Sanctum
30:03 Guard Tower
34:47 Town Hall
34:51 Gryphon Aviary
34:59 Scout Tower
35:01 Scout Tower
35:50 Scout Tower
35:53 Scout Tower
36:19 Scout Tower
38:42 Scout Tower
38:45 Guard Tower
38:49 Guard Tower
38:52 Guard Tower
38:55 Guard Tower
41:45 Guard Tower
41:57 Arcane Vault
50:12 Scout Tower
50:13 Scout Tower
50:14 Scout Tower
50:15 Scout Tower
50:16 Scout Tower
54:39 Guard Tower
61:07 Scout Tower
61:10 Scout Tower
61:12 Scout Tower
64:31 Guard Tower
65:53 Barracks
68:29 Scout Tower
90:57 Guard Tower
» items
                
                | Scroll of Regeneration | 2 |  | 
| Lesser Clarity Potion | 2 |  | 
| Potion of Healing | 1 |  | 
| Boots of Speed | 1 |  | 
| Staff of Teleportation | 3 |  | 
| Dust of Appearance | 1 |  | 
                10 total
  
               
              
              
» 
Zikem (
teal | 42 APM | 4468 actions | 107:20)
              
 4 Archmage 
 1 Blizzard
 1 Brilliance Aura
 2 Summon Water Elemental
 3 Blood Mage 
 2 Banish
 1 Flame Strike
 2 Beastmaster 
 1 Summon Hawk
 1 Summon Quilbeast
 
                » actions 
                
                | Assign group hotkey | 82 |  | 
| Basic commands | 143 |  | 
| Build / train | 161 |  | 
| ESC pressed | 11 |  | 
| Enter build submenu | 72 |  | 
| Enter hero's abilities submenu | 9 |  | 
| Give item / drop item | 13 |  | 
| Remove unit from queue | 2 |  | 
| Right click | 1836 |  | 
| Select / deselect | 871 |  | 
| Select group hotkey | 1032 |  | 
| Use ability | 236 |  | 
                4468 total
 » units 
                
                | Peasant | 24 |  | 
| Dragonhawk Rider | 10 |  | 
| Gryphon Rider | 3 |  | 
| Goblin Sapper | 4 |  | 
| Goblin Zeppelin | 6 |  | 
| Goblin Shredder | 2 |  | 
| Sorceress | 5 |  | 
| Siege Engine | 24 |  | 
                78 total
 » upgrades
                
                | Lumber Harvesting | 2 |  | 
| Masonry | 3 |  | 
| Cloud | 1 |  | 
| Storm Hammers | 1 |  | 
| Swords | 3 |  | 
| Armor | 3 |  | 
| Magic Sentry | 1 |  | 
| Sorceress Training | 2 |  | 
| Barrage | 1 |  | 
| Gunpowder | 3 |  | 
                20 total
 » buildings
                
                | Lumber Mill | 4 |  | 
| Scout Tower | 37 |  | 
| Guard Tower | 28 |  | 
| Arcane Tower | 2 |  | 
| Altar of Kings | 1 |  | 
| Farm | 11 |  | 
| Keep | 1 |  | 
| Blacksmith | 1 |  | 
| Gryphon Aviary | 3 |  | 
| Arcane Vault | 2 |  | 
| Castle | 1 |  | 
| Arcane Sanctum | 1 |  | 
| Town Hall | 3 |  | 
| Workshop | 2 |  | 
| Cannon Tower | 2 |  | 
                99 total
 » build order
                00:13 Lumber Mill
00:19 Lumber Mill
00:56 Scout Tower
01:01 Scout Tower
01:04 Scout Tower
01:23 Guard Tower
01:27 Scout Tower
01:33 Guard Tower
01:50 Guard Tower
01:56 Guard Tower
02:00 Scout Tower
02:05 Scout Tower
02:09 Scout Tower
02:36 Guard Tower
02:49 Guard Tower
03:07 Scout Tower
03:40 Arcane Tower
03:51 Scout Tower
04:21 Guard Tower
04:24 Scout Tower
04:43 Guard Tower
05:13 Altar of Kings
05:17 Farm
06:02 Keep
06:45 Blacksmith
07:41 Farm
08:16 Farm
08:27 Gryphon Aviary
08:51 Scout Tower
09:24 Guard Tower
09:27 Scout Tower
09:41 Gryphon Aviary
09:57 Guard Tower
10:02 Scout Tower
10:31 Gryphon Aviary
10:54 Guard Tower
11:04 Arcane Vault
11:53 Castle
11:57 Scout Tower
12:13 Farm
12:32 Guard Tower
12:53 Farm
14:18 Scout Tower
15:20 Guard Tower
15:26 Scout Tower
16:02 Scout Tower
16:36 Guard Tower
17:35 Scout Tower
18:00 Farm
18:39 Farm
20:34 Arcane Sanctum
21:56 Scout Tower
22:32 Guard Tower
27:36 Town Hall
27:58 Scout Tower
28:01 Scout Tower
31:50 Guard Tower
34:01 Lumber Mill
34:40 Guard Tower
36:40 Town Hall
36:54 Scout Tower
38:11 Scout Tower
38:27 Farm
38:45 Guard Tower
38:49 Scout Tower
39:16 Arcane Vault
39:21 Arcane Tower
39:23 Scout Tower
39:32 Farm
40:14 Guard Tower
40:18 Scout Tower
40:20 Scout Tower
40:26 Farm
40:50 Guard Tower
41:30 Guard Tower
41:34 Scout Tower
41:40 Farm
42:24 Workshop
42:41 Guard Tower
42:44 Scout Tower
43:23 Guard Tower
43:26 Scout Tower
44:02 Cannon Tower
45:10 Town Hall
46:22 Scout Tower
47:16 Guard Tower
49:15 Scout Tower
49:48 Guard Tower
49:54 Scout Tower
50:08 Lumber Mill
50:30 Guard Tower
65:11 Workshop
67:25 Scout Tower
68:09 Scout Tower
68:38 Cannon Tower
68:51 Scout Tower
69:34 Guard Tower
69:37 Scout Tower
73:55 Guard Tower
» items
                
                | Lesser Clarity Potion | 4 |  | 
| Potion of Mana | 1 |  | 
| Potion of Healing | 2 |  | 
| Scroll of Regeneration | 5 |  | 
| Scroll of Town Portal | 1 |  | 
| Scroll of Healing | 1 |  | 
| Orb of Fire | 1 |  | 
                15 total
  
               team 2 (winner) 
              
              
da_nile (
red | 30 APM | 4011 actions | 135:20)
              
 10 Blademaster 
 3 Wind Walk
 3 Critical Strike
 1 Bladestorm
 3 Mirror Image
 1 Lich 
 1 Frost Nova
 
                » actions 
                
                | Assign group hotkey | 48 |  | 
| Basic commands | 189 |  | 
| Build / train | 85 |  | 
| ESC pressed | 20 |  | 
| Enter build submenu | 40 |  | 
| Enter hero's abilities submenu | 11 |  | 
| Give item / drop item | 12 |  | 
| Right click | 2439 |  | 
| Select / deselect | 456 |  | 
| Select group hotkey | 400 |  | 
| Use ability | 310 |  | 
                4011 total
 » units 
                
                | Peon | 21 |  | 
| Crypt Fiend | 5 |  | 
| Acolyte | 1 |  | 
| Ghoul | 3 |  | 
| Troll Batrider | 13 |  | 
                43 total
 » upgrades
                » buildings
                
                | War Mill | 1 |  | 
| Orc Burrow | 5 |  | 
| Altar of Storms | 3 |  | 
| Watch Tower | 12 |  | 
| Voodoo Lounge | 1 |  | 
| Black Citadel | 11 |  | 
| Stronghold | 2 |  | 
| Tomb of Relics | 1 |  | 
| Ziggurat | 1 |  | 
| Fortress | 1 |  | 
| Beastiary | 3 |  | 
                41 total
 » build order
                00:08 War Mill
00:12 Orc Burrow
00:38 Altar of Storms
01:17 Orc Burrow
01:51 Watch Tower
03:03 Watch Tower
03:15 Watch Tower
03:51 Watch Tower
05:13 Watch Tower
05:14 Watch Tower
05:46 Watch Tower
06:20 Watch Tower
06:42 Watch Tower
07:15 Voodoo Lounge
07:50 Watch Tower
08:01 Orc Burrow
08:11 Watch Tower
08:23 Black Citadel
08:23 Black Citadel
08:26 Black Citadel
08:26 Black Citadel
08:26 Black Citadel
08:35 Black Citadel
08:35 Black Citadel
08:35 Black Citadel
08:36 Black Citadel
09:02 Watch Tower
09:45 Stronghold
09:45 Stronghold
09:54 Orc Burrow
10:44 Tomb of Relics
10:45 Ziggurat
12:13 Fortress
12:17 Beastiary
12:22 Beastiary
12:24 Beastiary
13:15 Orc Burrow
14:02 Altar of Storms
14:04 Altar of Storms
» items
                
                | Healing Salve | 1 |  | 
| Scroll of Speed | 1 |  | 
| Tiny Great Hall | 1 |  | 
| Orb of Lightning | 1 |  | 
| Boots of Speed | 1 |  | 
| Staff of Teleportation | 1 |  | 
| Potion of Lesser Invulnerability | 5 |  | 
                11 total
  
               
              
              
tower-craft (
orange | 36 APM | 4888 actions | 135:23)
              
 6 Archmage 
 3 Blizzard
 2 Brilliance Aura
 1 Mass Teleport
 6 Death Knight 
 3 Death Coil
 2 Unholy Aura
 1 Animate Dead
 4 Lich 
 2 Dark Ritual
 2 Frost Nova
 1 Blademaster 
 1 Critical Strike
 
                » actions 
                
                | Assign group hotkey | 87 |  | 
| Basic commands | 82 |  | 
| Build / train | 159 |  | 
| ESC pressed | 8 |  | 
| Enter build submenu | 136 |  | 
| Enter hero's abilities submenu | 19 |  | 
| Give item / drop item | 17 |  | 
| Right click | 2009 |  | 
| Select / deselect | 1043 |  | 
| Select group hotkey | 784 |  | 
| Use ability | 544 |  | 
                4888 total
 » units 
                
                | Peasant | 15 |  | 
| Acolyte | 6 |  | 
| Ghoul | 4 |  | 
| Crypt Fiend | 16 |  | 
| Dragonhawk Rider | 5 |  | 
| Obsidian Statue | 1 |  | 
| Goblin Zeppelin | 3 |  | 
                50 total
 » upgrades
                
                | Masonry | 3 |  | 
| Web | 2 |  | 
| Cloud | 1 |  | 
| Creature Attack | 6 |  | 
| Creature Carapace | 3 |  | 
| Swords | 3 |  | 
| Armor | 3 |  | 
| Magic Sentry | 1 |  | 
                22 total
 » buildings
                
                | Altar of Kings | 2 |  | 
| Farm | 18 |  | 
| Ziggurat | 26 |  | 
| Crypt | 5 |  | 
| Lumber Mill | 3 |  | 
| Scout Tower | 98 |  | 
| Graveyard | 3 |  | 
| Arcane Tower | 1 |  | 
| Altar of Darkness | 2 |  | 
| Guard Tower | 35 |  | 
| Keep | 3 |  | 
| Halls of the Dead | 2 |  | 
| Nerubian Tower | 1 |  | 
| Castle | 2 |  | 
| Gryphon Aviary | 2 |  | 
| Arcane Vault | 2 |  | 
| Slaughterhouse | 1 |  | 
| Tomb of Relics | 2 |  | 
| Town Hall | 1 |  | 
| Necropolis | 1 |  | 
| Spirit Tower | 4 |  | 
| Black Citadel | 1 |  | 
| Blacksmith | 1 |  | 
| Sacrificial Pit | 1 |  | 
| Arcane Sanctum | 1 |  | 
                218 total
 » build order
                00:11 Altar of Kings
00:18 Farm
00:25 Ziggurat
00:26 Crypt
00:36 Lumber Mill
00:40 Scout Tower
01:04 Graveyard
01:16 Scout Tower
01:24 Farm
01:28 Arcane Tower
01:40 Altar of Darkness
01:44 Ziggurat
01:48 Guard Tower
02:08 Scout Tower
02:30 Scout Tower
02:31 Scout Tower
02:52 Guard Tower
03:41 Keep
03:43 Guard Tower
03:59 Halls of the Dead
04:06 Ziggurat
05:11 Scout Tower
05:16 Farm
05:18 Farm
05:56 Nerubian Tower
06:02 Guard Tower
06:05 Castle
06:06 Gryphon Aviary
06:09 Gryphon Aviary
07:01 Farm
07:40 Arcane Vault
08:51 Farm
08:54 Farm
09:00 Slaughterhouse
09:05 Crypt
09:06 Ziggurat
09:07 Ziggurat
09:09 Ziggurat
09:09 Ziggurat
09:47 Scout Tower
09:48 Scout Tower
09:51 Scout Tower
09:54 Scout Tower
09:57 Scout Tower
09:59 Scout Tower
10:33 Guard Tower
11:05 Tomb of Relics
13:39 Farm
13:40 Farm
15:53 Guard Tower
16:04 Town Hall
16:51 Scout Tower
16:53 Scout Tower
17:25 Guard Tower
19:19 Scout Tower
19:23 Scout Tower
19:59 Lumber Mill
20:40 Scout Tower
20:42 Scout Tower
20:44 Scout Tower
20:48 Scout Tower
20:50 Scout Tower
20:54 Scout Tower
21:01 Scout Tower
21:02 Scout Tower
21:06 Scout Tower
21:09 Scout Tower
21:11 Guard Tower
21:44 Guard Tower
21:50 Guard Tower
21:53 Scout Tower
21:59 Scout Tower
22:31 Guard Tower
22:34 Scout Tower
22:36 Scout Tower
22:40 Scout Tower
22:40 Scout Tower
22:44 Scout Tower
22:45 Scout Tower
22:48 Scout Tower
22:51 Scout Tower
24:24 Necropolis
24:40 Guard Tower
24:50 Guard Tower
24:51 Scout Tower
24:53 Scout Tower
24:53 Scout Tower
25:22 Guard Tower
25:33 Scout Tower
25:35 Scout Tower
26:08 Guard Tower
26:13 Ziggurat
26:15 Ziggurat
26:16 Ziggurat
26:18 Ziggurat
26:20 Ziggurat
26:21 Ziggurat
26:22 Ziggurat
26:23 Ziggurat
26:24 Ziggurat
26:25 Ziggurat
26:48 Scout Tower
26:49 Scout Tower
26:52 Scout Tower
26:52 Scout Tower
26:53 Scout Tower
26:54 Scout Tower
27:02 Graveyard
27:04 Graveyard
27:53 Guard Tower
28:10 Halls of the Dead
28:17 Crypt
28:36 Guard Tower
28:39 Spirit Tower
29:17 Guard Tower
29:27 Scout Tower
29:28 Scout Tower
29:42 Ziggurat
29:43 Ziggurat
29:44 Ziggurat
29:46 Ziggurat
29:57 Spirit Tower
30:00 Ziggurat
30:02 Ziggurat
30:04 Ziggurat
30:23 Tomb of Relics
31:20 Spirit Tower
31:31 Ziggurat
31:33 Ziggurat
32:12 Guard Tower
33:15 Scout Tower
33:16 Scout Tower
33:19 Scout Tower
33:20 Scout Tower
33:50 Spirit Tower
34:03 Keep
34:03 Keep
34:09 Guard Tower
34:10 Guard Tower
34:20 Guard Tower
34:59 Scout Tower
35:00 Scout Tower
35:02 Scout Tower
35:03 Scout Tower
35:04 Scout Tower
35:06 Scout Tower
35:06 Scout Tower
35:09 Scout Tower
35:10 Scout Tower
35:13 Scout Tower
35:14 Scout Tower
35:15 Scout Tower
35:17 Scout Tower
35:17 Scout Tower
35:20 Scout Tower
35:24 Scout Tower
35:25 Scout Tower
35:26 Scout Tower
35:30 Scout Tower
35:32 Scout Tower
35:35 Guard Tower
36:33 Guard Tower
36:37 Guard Tower
36:39 Guard Tower
37:26 Guard Tower
37:39 Altar of Kings
39:03 Altar of Darkness
41:30 Guard Tower
41:32 Black Citadel
41:35 Castle
42:59 Scout Tower
43:05 Scout Tower
43:07 Scout Tower
43:14 Scout Tower
43:16 Scout Tower
44:31 Guard Tower
48:00 Blacksmith
48:05 Scout Tower
48:09 Scout Tower
48:10 Scout Tower
48:10 Scout Tower
49:26 Guard Tower
50:11 Guard Tower
50:36 Farm
50:38 Farm
50:42 Farm
50:45 Farm
50:47 Farm
50:50 Farm
51:09 Lumber Mill
53:48 Crypt
54:26 Crypt
57:26 Sacrificial Pit
57:42 Arcane Sanctum
59:43 Farm
59:51 Farm
59:55 Farm
70:16 Scout Tower
70:18 Scout Tower
70:18 Scout Tower
70:19 Scout Tower
70:22 Scout Tower
70:23 Scout Tower
70:24 Scout Tower
70:24 Scout Tower
70:27 Scout Tower
70:28 Scout Tower
70:42 Scout Tower
70:44 Scout Tower
70:50 Scout Tower
70:54 Guard Tower
73:05 Guard Tower
73:46 Guard Tower
73:51 Scout Tower
73:52 Scout Tower
73:53 Scout Tower
77:50 Guard Tower
134:20 Arcane Vault
» items
                
                | Healing Salve | 2 |  | 
| Lesser Clarity Potion | 2 |  | 
| Scroll of Regeneration | 1 |  | 
| Ivory Tower | 3 |  | 
| Scroll of Speed | 1 |  | 
| Scroll of Town Portal | 4 |  | 
| Staff of Teleportation | 1 |  | 
| Orb of Corruption | 3 |  | 
| Boots of Speed | 1 |  | 
| Potion of Lesser Invulnerability | 1 |  | 
                19 total
  
               
              
              
ooyioer (
purple | 0 APM | 0 actions | 00:11)
              
                Chat log
          (00:02 / Allies) tower-craft: tower n tech
(00:52 / Allies) da_nile: inc milita @ my abse
(02:03 / Allies) tower-craft: u should atowered forther back o well
(03:08 / Allies) tower-craft: feed the ud
(03:09 / Allies) tower-craft: and use
(03:49 / Allies) tower-craft: should we just leavE?
(07:09 / Allies) tower-craft: need a shop
(10:30 / Allies) da_nile: bnow what
(10:50 / Allies) tower-craft: oh waht the fuck
(11:18 / Allies) da_nile: what units should i get
(11:22 / Allies) da_nile: what unis shoudl hte ud tget
(11:23 / Allies) tower-craft: bats
(11:25 / Allies) tower-craft: fiends
(12:39 / Allies) da_nile: dont know what ogod bats are going to do
(12:40 / Allies) da_nile: but ok
(14:43 / Allies) da_nile: main going down
(15:10 / Allies) tower-craft: get quic hall?
(16:00 / Allies) da_nile: gold
(16:05 / Allies) tower-craft: ha
(16:09 / Allies) tower-craft: no u
(16:10 / Allies) tower-craft: give m gold
(16:26 / Allies) tower-craft: seriously
(16:27 / Allies) tower-craft: give me gold
(16:31 / Allies) tower-craft: i need towers
(16:36 / Allies) tower-craft: rbign bats to perch
(16:40 / Allies) tower-craft: give me godl and bring bats
(17:00 / Allies) da_nile: no firebat power though
(17:40 / Allies) tower-craft: go harass
(17:41 / Allies) tower-craft: level up
(17:41 / Allies) tower-craft: bm
(17:43 / Allies) tower-craft: focus on that
(17:44 / Allies) tower-craft: share control
(17:47 / Allies) da_nile: can yo get a zep to sxsave one of my peons?
(18:11 / Allies) tower-craft: go harass
(18:24 / Allies) da_nile: level one
(18:26 / Allies) da_nile: im going ot get owend
(20:37 / All) sonoflich: wtf!!!!!
(21:06 / Allies) da_nile: id feel miuch better about our chancies if we weere ablt to get another island
(21:11 / Allies) da_nile: they flared them just now
(21:13 / Allies) tower-craft: see if u can then
(21:46 / Allies) da_nile: no mana on bmn
(22:04 / Allies) da_nile: whered all the spiders go
(22:06 / Allies) tower-craft: u manage bats
(23:17 / Allies) da_nile: UR ZEPPS
(24:07 / Allies) tower-craft: where ur bm
(24:32 / Allies) tower-craft: HARASS
(24:42 / Allies) tower-craft: even if it does no damage
(24:44 / Allies) tower-craft: its harassment
(25:00 / Allies) tower-craft: they are gonna rape us with tanks
(25:53 / Allies) tower-craft: careful u have no reveive
(25:57 / All) sonoflich: blue move ur tanks plz
(28:27 / Allies) tower-craft: get the peon
(28:31 / Allies) tower-craft: u wont kil lthat
(30:10 / Allies) tower-craft: fcuk theyy scouted bottom elft
(30:48 / Allies) tower-craft: if they ever start loading zepps
(30:50 / Allies) tower-craft: we giotta bat ove rwtaer
(31:25 / Allies) da_nile: 2 blue zepps
(31:29 / Allies) da_nile: top right quyadrant
(31:35 / Allies) da_nile: heading south
(33:57 / Allies) tower-craft: they got bot right expo
(39:17 / Allies) tower-craft: every now and then look aroudn and make sure they arent loadin gzepps
(40:35 / Allies) da_nile: bot left gob shop
(40:38 / Allies) da_nile: a tank got in a zep
(40:43 / Allies) da_nile: they are heading up and right
(41:11 / Allies) tower-craft: fuck lol
(41:35 / Allies) da_nile: green went below food on purpose
(41:36 / Allies) da_nile: shit
(41:49 / Allies) tower-craft: get level 6 blade
(41:50 / Allies) tower-craft: if u can
(41:54 / Allies) da_nile: im working on it
(42:26 / Allies) tower-craft: go creep those crsesp
(44:55 / Allies) tower-craft: tale preist first
(46:17 / Allies) tower-craft: if 2 went 100 food hawks and 1 went 100 fodo tanks
(46:18 / Allies) tower-craft: ti would be gg
(46:24 / Allies) tower-craft: they may figure it out eventually tho
(46:26 / Allies) tower-craft: when every mien is dead
(46:39 / Allies) tower-craft: get level 3 ww
(47:02 / Allies) tower-craft: anything u dont cree they do
(47:15 / Allies) da_nile: im getting to it
(47:24 / Allies) tower-craft: i wish u coudl set map to fight units only
(47:28 / Allies) tower-craft: liek in aoe2
(47:42 / Allies) da_nile: ya i guess
(48:45 / Allies) tower-craft: drops 2 shit items
(48:47 / Allies) tower-craft: instead of one good
(50:09 / Allies) da_nile: think i could take a rock golem?
(50:14 / Allies) tower-craft: where
(50:22 / Allies) tower-craft: yeah prolly
(51:12 / Allies) da_nile: green at 12k
(51:20 / Allies) tower-craft: thats not that much really
(51:25 / Allies) tower-craft: if they wiped to 0 it wouldnt be
(52:18 / Allies) da_nile: green making an army worthy of mordor
(52:23 / Allies) tower-craft: zepps forming up
(52:24 / Allies) tower-craft: in south
(52:40 / Allies) da_nile: those all full?
(52:46 / Allies) da_nile: can i seven see the usnits in them?
(52:49 / Allies) tower-craft: if it has the unload option
(52:51 / Allies) tower-craft: it has units
(52:53 / Allies) tower-craft: uc ant tell how much tho
(53:03 / Allies) da_nile: shit
(53:04 / Allies) da_nile: thats five
(53:06 / Allies) da_nile: not enough bats
(53:12 / Allies) da_nile: even if we DO get them
(53:20 / Allies) da_nile: and teal ones
(54:02 / Allies) tower-craft: FUCK
(54:05 / Allies) tower-craft: didnt even kill
(54:15 / Allies) tower-craft: threw away 2 barts
(54:19 / Allies) tower-craft: and killed nothing
(55:52 / Allies) tower-craft: lol
(56:10 / Allies) da_nile: ocean tanks
(56:12 / Allies) da_nile: submarines
(56:36 / Allies) da_nile: do we have units on mailnand i can staff to?
(56:41 / Allies) da_nile: or how do i get hte bm back there
(57:13 / Allies) da_nile: incisible air
(57:21 / Allies) tower-craft: rofl
(57:44 / Allies) da_nile: can we counter it?
(57:47 / Allies) da_nile:  efokre you rofl
(57:50 / Allies) tower-craft: how would we need to
(57:54 / Allies) tower-craft: efokre you rofl
(58:22 / Allies) da_nile: no creeps left?
(58:36 / Allies) tower-craft: u could probably oneshot a sapper
(58:50 / Allies) tower-craft: altho they are gonna make sentry towers everywhere
(58:52 / Allies) da_nile: ill try
(58:58 / Allies) tower-craft: get new invul
(58:59 / Allies) tower-craft: fist
(59:02 / Allies) tower-craft: always have inful and tp
(59:08 / Allies) tower-craft: he can see u there
(59:09 / Allies) tower-craft: fyi
(59:27 / Allies) tower-craft: b
(60:03 / Allies) tower-craft: lol
(61:19 / Allies) tower-craft: im surprised we survived initial phase
(61:31 / Allies) tower-craft: major zepp at bototm
(62:16 / Allies) tower-craft: staff in and HELP
(63:12 / Allies) da_nile: left
(63:13 / Allies) da_nile: top lef
(63:15 / Allies) da_nile: wtf u du
(63:24 / Allies) tower-craft: 2 were empty anyway
(63:46 / Allies) da_nile: that got be bladestorm
(63:47 / Allies) da_nile: at least
(64:14 / Allies) da_nile: zepps north of island
(64:16 / Allies) da_nile: thgat have stuff in them
(64:19 / Allies) da_nile: just sitting over water
(64:50 / Allies) da_nile: zepps loading
(65:04 / Allies) da_nile: its got units in it waiting at watare edge
(66:24 / Allies) da_nile: i need a ride
(66:39 / Allies) da_nile: im taking the zepp out
(67:00 / Allies) tower-craft: dont waste blasedstorm
(67:03 / Allies) tower-craft: they will do full scale soon
(67:44 / Allies) tower-craft: loading
(67:48 / Allies) tower-craft: staffing
(68:17 / Allies) tower-craft: a [rost
(68:33 / Allies) tower-craft: when they finally hit
(68:38 / Allies) tower-craft: pull back hur tuntis conctinuously
(68:39 / Allies) da_nile: keep bladestorm for enext hit?
(68:42 / Allies) tower-craft: ya
(69:20 / Allies) tower-craft: now they are doing it right
(69:28 / Allies) tower-craft: lag
(71:08 / Allies) da_nile: look@ what green did with all his tanks
(71:09 / Allies) tower-craft: botes loaded
(71:09 / Allies) da_nile: wtf
(71:27 / Allies) tower-craft: its go time soon i think
(73:26 / Allies) da_nile: any losses?
(73:30 / Allies) da_nile: tge bats didnt do theur job
(73:30 / Allies) tower-craft: few fieds
(73:32 / Allies) tower-craft: bats
(73:41 / Allies) da_nile: u gonna up those tower on thel ft?
(73:44 / Allies) da_nile: left
(75:12 / All) anlord: lol\
(75:33 / Allies) tower-craft: ok start bladestorming stuff
(75:48 / Allies) da_nile: how about htese workshops?
(75:53 / Allies) tower-craft: yeah
(76:00 / All) sonoflich: why did u attack alone???
(76:14 / Allies) da_nile: hawk
(76:20 / Allies) da_nile: watch the beastmaster hawk
(76:23 / Allies) tower-craft: o
(77:36 / Allies) tower-craft: mbe workshops again
(77:46 / Allies) da_nile: need enough mana to get away
(78:57 / Allies) tower-craft: save for wshops
(80:23 / Allies) tower-craft: kill workshos['
(80:34 / Allies) tower-craft: actually mort was better but w/e get workshops
(81:35 / Allies) tower-craft: another spaper lol
(81:50 / Allies) tower-craft: whoa they are outta gold in 2k
(81:57 / Allies) da_nile: we shalt win
(82:54 / Allies) da_nile: and we still have a whole perch
(82:55 / Allies) tower-craft: what if the health fountains on high perch
(82:58 / Allies) tower-craft: were gold mines
(83:04 / Allies) da_nile: eh
(83:07 / Allies) da_nile: then nabs would be all over them
(83:18 / Allies) tower-craft: they wouldnt know how to get up
(83:28 / Allies) da_nile: lol
(83:29 / Allies) tower-craft: go finish workshops
(84:20 / Allies) da_nile: twould be a waste to storm them
(85:04 / Allies) tower-craft: we killed those workshops just in time for it to not matter
(85:17 / Allies) da_nile: whatever
(85:19 / Allies) tower-craft: come pick off a gyro
(85:20 / Allies) da_nile: its a morale thing
(85:34 / Allies) tower-craft: they gonna hit top perch
(85:36 / Allies) da_nile: i can storm
(85:39 / Allies) da_nile: choose a target
(85:42 / Allies) da_nile: get your stuff to top pwerch
(85:59 / Allies) tower-craft: ill tp
(86:01 / Allies) tower-craft: if they hit
(86:03 / Allies) tower-craft: not wasting tp before
(86:10 / Allies) da_nile: cost u
(86:13 / All) tower-craft: if you guys had gone all out
(86:15 / All) tower-craft: u would won by now
(86:19 / All) tower-craft: but ever time
(86:23 / All) tower-craft: u send like 40 food only
(86:24 / All) tower-craft: and leave rst
(86:25 / All) sonoflich: fuck u nub
(86:30 / All) tower-craft: win me
(86:47 / All) tower-craft: another 40 food fed
(87:33 / All) da_nile: :>
(87:36 / All) tower-craft: i mean
(87:38 / All) tower-craft: we didnt even have to tp
(87:40 / All) tower-craft: lost no units
(87:53 / All) sonoflich: fuck u nub
(88:01 / All) sonoflich: u don't have rite to say anything
(88:02 / Allies) tower-craft: dotn repair
(88:02 / Allies) tower-craft: waste
(88:08 / All) tower-craft: l2p
(88:12 / Allies) da_nile: i need a ride down
(88:19 / Allies) tower-craft: staff it
(88:31 / All) tower-craft: u have like 400 tanks
(88:32 / All) sonoflich: i will go have dinner u can wait and win OJ
(88:33 / All) tower-craft: and u send 5 in
(88:35 / All) tower-craft: and kill 3 towers
(89:19 / Allies) tower-craft: anything we kill now
(89:20 / Allies) tower-craft: stays dead
(89:23 / Allies) tower-craft: they cant even zepp
(89:25 / All) tower-craft: if u keep it up
(89:27 / All) tower-craft: u wotn even have gold
(89:29 / All) tower-craft: to send the rest in
(89:30 / All) tower-craft: in zepps
(89:33 / All) tower-craft: LOL THINK OF THAT
(89:35 / All) tower-craft: TGHAT WOULD BE A LAUGH
(89:42 / All) da_nile: HAW
(89:52 / All) tower-craft: u guys must have like 75k tho
(89:55 / All) tower-craft: mined the whole damn map
(90:16 / All) anlord: count for upkeep
(90:16 / All) tower-craft: is food rare in your country
(90:18 / All) sonoflich: yeap i stll have 12000 GOLD
(90:21 / All) tower-craft: that you have to gloat about dinner
(90:27 / Allies) da_nile: what a liar
(90:29 / All) sonoflich: and wait for u come to get me
(90:35 / All) da_nile: :>
(90:39 / Allies) tower-craft: kill their zepps
(90:40 / Allies) tower-craft: bottom left
(90:43 / All) sonoflich: no i will have ur mom with me
(90:44 / Allies) tower-craft: they cant buy more
(90:46 / Allies) tower-craft: kill zepps
(90:55 / All) sonoflich: and we 'll have sex togehger
(91:00 / All) tower-craft: you....
(91:03 / All) tower-craft: YOU SON OF A ...
(91:05 / All) tower-craft: LICH!!!
(91:10 / All) sonoflich: lol
(91:15 / All) sonoflich: come and get me?
(91:22 / All) sonoflich: u ?
(91:24 / All) tower-craft: i would but i have no more zepps
(91:26 / All) tower-craft: :<
(91:29 / All) sonoflich: u r not good enough
(91:59 / Allies) tower-craft: bolter
(92:09 / Allies) tower-craft: get new invul 
(92:17 / Allies) da_nile: i heal at fount for now
(92:20 / Allies) tower-craft: i charge u mana
(92:44 / Allies) tower-craft: loading various garbage
(92:46 / Allies) tower-craft: at north
(93:04 / Allies) da_nile: staff is up but storm is not
(93:53 / Allies) tower-craft: AHHHHHH
(93:57 / All) sonoflich: u son of whore
(94:10 / All) tower-craft: are u borat?
(94:13 / All) da_nile: :>
(94:21 / All) tower-craft: u talk like borat
(94:40 / All) sonoflich: no lik eur dad son
(94:43 / Allies) tower-craft: they have like one zepp
(94:59 / Allies) tower-craft: he has tons of items to sell tho
(95:02 / Allies) da_nile: green has already repaired to his team's perch
(95:07 / Allies) da_nile: he has 2 zep
(95:11 / All) anlord: green got 80% for gold and beeing a bitch
(95:22 / All) sonoflich: fuck u
(95:23 / Allies) tower-craft: kill all zeps
(95:26 / All) anlord: ty
(95:48 / Allies) tower-craft: FIND THE LAST HIGHLANDER
(96:31 / All) tower-craft: u could sell items
(96:32 / All) tower-craft: for gold
(97:11 / Allies) da_nile: going to storm some houses
(97:12 / Allies) tower-craft: they ahve a zepp
(97:20 / Allies) tower-craft: invul
(97:21 / Allies) tower-craft: first
(97:22 / Allies) tower-craft: invul
(98:19 / All) tower-craft: if you could turn every tower on the map u have
(98:20 / Allies) da_nile: 3 shops wtf
(98:21 / All) tower-craft: ionto gold
(98:23 / All) tower-craft: u would be ricch
(98:28 / All) da_nile: ho ho ho
(98:32 / All) tower-craft: if we turned every tower we had on the map into gold
(98:33 / All) tower-craft: we lost by now
(98:35 / All) tower-craft: ho ho ho
(98:45 / All) da_nile: i do regularly
(98:49 / All) da_nile: we have a good repetoir
(98:55 / Allies) tower-craft: thats not right
(98:59 / Allies) tower-craft: its repoire i think
(99:01 / Allies) da_nile: its not
(99:03 / Allies) da_nile: oops
(99:05 / Allies) da_nile: oh well
(99:22 / Allies) da_nile: too bad purple has ll the gold
(100:01 / Allies) da_nile: fuck i was lagging
(100:04 / Allies) da_nile: was a fraid bm would die
(100:34 / Allies) da_nile: ]they got a zep
(100:34 / All) sonoflich: u still got a long way to go cocksucker
(100:47 / All) da_nile: its going to be fun
(100:51 / Allies) tower-craft: rapport
(100:54 / Allies) tower-craft: not repoire
(100:58 / Allies) da_nile: oh
(100:59 / Allies) tower-craft: repertoire is something else
(101:02 / Allies) da_nile: and now i know
(101:03 / Allies) da_nile: lol
(101:10 / Allies) da_nile: wut isit
(101:24 / Allies) tower-craft: repertoire is like a list of songs to perform in an opera
(101:30 / Allies) tower-craft: or the collective sum of your skills
(101:31 / Allies) tower-craft: or w/e
(101:35 / All) da_nile: its raining mortars
(102:15 / Allies) da_nile: doint use doubles
(102:18 / Allies) da_nile: i dont have infinite mana
(102:20 / Allies) tower-craft: sean wanted tos ee it
(102:24 / Allies) da_nile: o
(102:57 / Allies) tower-craft: we coudl take them on land now
(103:00 / Allies) tower-craft: but i dont feel like it
(103:08 / Allies) da_nile: jno more easy targetes
(103:21 / Allies) da_nile: green ahs all on their perch
(103:26 / Allies) da_nile: hes making towers
(103:27 / Allies) tower-craft: dont spend any more gold
(103:27 / Allies) tower-craft: with ud
(103:31 / Allies) tower-craft: he might have to go wagons
(103:48 / Allies) tower-craft: waht did u say earlier
(103:52 / Allies) tower-craft: about multiple mains
(103:59 / Allies) da_nile: ?
(104:01 / Allies) da_nile: nothing?
(104:26 / All) sonoflich: ;ets play red
(104:39 / Allies) da_nile: wut
(104:41 / Allies) da_nile: ?
(105:15 / Allies) tower-craft: come kill these week bitches following me
(105:28 / Allies) tower-craft: a.s.a.p.
(105:39 / Allies) tower-craft: staff 2 me
(105:46 / Allies) da_nile: k but i got no mana
(106:21 / Allies) tower-craft: remember u always have a chacne to purshe sommons
(106:49 / Allies) da_nile: hes gonna sit on that mana tower
(106:54 / Allies) da_nile: thats the next thing im storming i swear
(107:12 / Allies) da_nile: what about multiple mains
(107:19 / Allies) tower-craft: u said something earlier
(107:22 / Allies) tower-craft: during a heated battle
(107:26 / Allies) tower-craft: about look what he did with his buildings
(107:29 / Allies) tower-craft: i missed it
(107:34 / Allies) da_nile: his tanks
(107:40 / Allies) da_nile: he had all his tanks in a river across the map
(107:46 / Allies) da_nile: following his hero i guess
(107:46 / Allies) tower-craft: oh
(108:02 / All) tower-craft: ohhh how the tables have turend
(108:16 / Allies) da_nile: can you kill that tower?
(108:21 / All) tower-craft: seriously though if you had all gone 100 food in zeppelins and landed ALL of it youd have a good chance
(108:25 / Allies) tower-craft: but you send 50 food in every time
(108:29 / All) tower-craft: but u sent 50 every time
(108:32 / All) tower-craft: and left most behind
(108:34 / All) tower-craft: scared noobs
(108:41 / Allies) tower-craft: what tower
(108:43 / Allies) tower-craft: there are thousands
(109:38 / Allies) da_nile: teal cant buy items
(109:42 / All) tower-craft: why dont u tp tanks to my birds
(109:44 / All) tower-craft: and kill
(111:39 / Allies) da_nile: i want to kill those teal heros
(111:45 / Allies) tower-craft: they must have sold
(111:48 / Allies) tower-craft: they have gold again
(111:51 / Allies) tower-craft: enough for like 4 zeps
(111:56 / Allies) tower-craft: ohh yeah zikam left
(112:16 / Allies) da_nile: going to invulstorm those teal heros
(112:19 / Allies) da_nile: in a bit
(112:23 / Allies) da_nile: once he loses his attention with them
(112:27 / Allies) da_nile: like 
(112:29 / Allies) da_nile: now
(113:09 / All) da_nile: ahhh
(113:10 / All) da_nile: gary
(113:20 / Allies) tower-craft: getem?
(113:25 / Allies) da_nile: one
(113:30 / Allies) tower-craft: he should have banished
(113:32 / Allies) da_nile: hurt towers too
(113:33 / Allies) tower-craft: all 3
(113:39 / Allies) da_nile: doesnt it hit banished
(113:43 / Allies) da_nile: since its a sepl
(113:46 / Allies) tower-craft: hmm
(113:50 / Allies) da_nile: or no
(113:50 / Allies) tower-craft: it hits magic immune
(113:52 / Allies) da_nile: it nhits dryads
(113:53 / Allies) tower-craft: i dont think its magic
(114:23 / All) tower-craft: ooyioer has 5000 still
(114:28 / All) tower-craft: gold
(115:08 / All) da_nile: you have good micro
(115:32 / Allies) tower-craft: lamost lost one
(115:42 / Allies) da_nile: thats house never got built
(115:43 / Allies) da_nile: it bugs me
(115:44 / Allies) da_nile: all game
(115:46 / Allies) tower-craft: lol
(115:50 / Allies) tower-craft: he shoulc cancel it
(115:53 / Allies) tower-craft: and use the gold to defeat us
(116:03 / Allies) tower-craft: when you staff to a critter
(116:04 / All) da_nile: you have a house that is not completely built
(116:05 / Allies) tower-craft: towers dont shoot it
(116:10 / All) da_nile: you could cancel it for money
(116:17 / All) da_nile: by your main
(117:26 / Allies) da_nile: hes microing his tanks on perch
(117:30 / Allies) da_nile: putthig them all at edge
(118:20 / Allies) da_nile: :\
(118:27 / Allies) da_nile: you can shift order a farseer to summon wolves
(118:28 / Allies) tower-craft: ?
(118:36 / Allies) da_nile: like move shift summon wolves
(118:38 / Allies) tower-craft: can you?
(118:42 / Allies) da_nile: and hell make them when they get htere
(118:47 / Allies) da_nile: yoiu cant do that with bladestorm
(119:04 / Allies) da_nile: he teched that
(119:06 / Allies) da_nile: i dunno why
(119:08 / All) anlord: prob a longest game ever
(119:13 / All) tower-craft: not even close
(119:38 / All) anlord: is there a record?
(119:50 / All) tower-craft: without afk im not sure
(119:56 / All) tower-craft: ive played like a 4+ one without afk
(120:04 / All) tower-craft: i know with afk record is someone else over 24 hours
(120:16 / All) anlord: lol\
(120:32 / All) tower-craft: a true battle of wills
(121:41 / Allies) da_nile: lich is only level 4
(121:45 / Allies) da_nile: if you got it six of ftowers
(121:46 / Allies) da_nile: h
(121:50 / Allies) da_nile: he could death and dechay
(121:51 / Allies) tower-craft: oh yeah
(121:53 / Allies) tower-craft: hadnt thought of that
(121:53 / Allies) da_nile: you should have him with hawks
(122:19 / Allies) da_nile: i suppose you didnt save any of my peons
(122:23 / Allies) tower-craft: no
(122:24 / Allies) da_nile: peons could have pillage
(122:33 / Allies) tower-craft: it was mortarshard city
(122:36 / Allies) tower-craft: by the time i sent zepp
(122:42 / Allies) da_nile: yeah
(122:44 / Allies) da_nile: o well
(122:46 / Allies) da_nile: no great loss
(122:49 / Allies) da_nile: not even sure i researched it
(122:58 / Allies) tower-craft: its a good thing we expod both islands
(123:04 / Allies) da_nile: yeah
(123:15 / Allies) da_nile: i cant believe they let us get hte second one up
(123:29 / Allies) da_nile: lol our shitty ally left right away
(123:33 / Allies) da_nile: probably better than if he stayed
(124:54 / Allies) da_nile: i think mains give xp
(124:56 / Allies) da_nile: not sure
(125:01 / Allies) tower-craft: i dont think human do
(125:06 / Allies) da_nile: u sure
(125:08 / Allies) da_nile: thats not fair
(125:12 / Allies) tower-craft: check next time u kilol one
(125:19 / Allies) da_nile: im level 10
(125:20 / Allies) da_nile: u check
(125:29 / Allies) tower-craft: 3 hours of focusing
(125:30 / Allies) tower-craft: just to check
(125:54 / Allies) da_nile: u think they got any critters?
(125:59 / Allies) tower-craft: no
(126:05 / Allies) da_nile: ive been killing them
(126:12 / Allies) da_nile: excellent
(126:13 / Allies) da_nile: one more level
(127:07 / Allies) tower-craft: u cant aefial shchacle
(127:09 / Allies) tower-craft: a neutral unit
(127:13 / Allies) da_nile: lol
(127:43 / Allies) da_nile: their heros are 2 3 3 and 4
(127:54 / Allies) da_nile: but the 4 belongs to a diff guy
(128:13 / Allies) da_nile: test with that
(128:20 / Allies) tower-craft: 2202
(128:32 / Allies) da_nile: can shades backpack?
(128:36 / Allies) tower-craft: no
(128:36 / Allies) tower-craft: imba
(128:52 / Allies) tower-craft: no xp
(129:43 / Allies) tower-craft: not sure theres enough xp to get 6
(129:44 / Allies) tower-craft: there might be tho
(129:45 / Allies) da_nile: well
(129:55 / Allies) da_nile: tehres xp
(129:57 / Allies) da_nile: on the perch
(130:03 / Allies) tower-craft: yeah
(130:11 / Allies) da_nile: hes prolly minimized
(130:12 / Allies) da_nile: lagging
(130:59 / Allies) tower-craft: yeah not enough from jsut towrs
(132:39 / Allies) da_nile: ??
(133:07 / Allies) da_nile: : \
(133:10 / Allies) tower-craft: would be easy with meat wagons but id rather do it with d n d
(133:22 / All) tower-craft: damn
(133:25 / All) tower-craft: u guys picked the best perch
(133:32 / Allies) da_nile: you could bring a zep around edge and land a thinger
(133:36 / Allies) da_nile: and nova the peons
(133:45 / Allies) da_nile: but then
(133:48 / Allies) da_nile: he has it all covered
(133:53 / Allies) tower-craft: no gold for spare zepps
(133:55 / Allies) tower-craft: 417
(133:58 / Allies) da_nile: the bottom islands are the best
(134:01 / Allies) da_nile: o
(134:22 / Allies) da_nile: it wont just popo up there
(134:27 / Allies) tower-craft: what are you talking about
(134:34 / All) anlord: or maybe not 
(134:37 / Allies) tower-craft: critter in zeppelin
(134:37 / Allies) da_nile: HOW will the critter get up there?
(134:41 / Allies) tower-craft: zeppelin crashes
(134:42 / All) anlord: let me throw a coin
(134:43 / Allies) da_nile: u can do that?
(134:43 / Allies) tower-craft: from towers
(134:47 / Allies) tower-craft: why not
(135:01 / Allies) da_nile: have you put a critter in a zep already?
(135:08 / All) anlord: gg it is
(135:09 / Allies) tower-craft: no
(135:13 / All) tower-craft: stfu noob
(135:16 / All) da_nile: nab
(135:18 / All) tower-craft: leave
(135:19 / All) da_nile: cant handle it